 Dungeon Crawl Stone Soup version 0.25-a0-1073-gf4359a17dd (webtiles) character file.

Game seed: 14838459266613647874, levelgen mode: deterministic

729 kae the Chiller (level 7, -1/46 HPs)
             Began as a Merfolk Ice Elementalist on May 14, 2020.
             Was a Believer of Makhleb.
             Slain by a wight
             ... wielding a +6 flail of freezing
              (3 damage)
             ... on level 5 of the Dungeon.
             The game lasted 00:10:02 (7153 turns).

kae the Chiller (Merfolk Ice Elementalist)          Turns: 7153, Time: 00:10:02

Health: -1/46      AC:  9    Str: 10    XL:     7   Next: 73%
Magic:  11/12      EV: 12    Int: 15    God:    Makhleb [**....]
Gold:   216        SH:  0    Dex: 14    Spells: 9/13 levels left

rFire    . . .     SeeInvis .   t - +0 halberd
rCold    . . .     Gourm    .   (shield currently unavailable)
rNeg     . . .     Faith    .   a - +1 robe
rPois    .         Spirit   .   (no helmet)
rElec    .         Reflect  .   (no cloak)
rCorr    .         Harm     .   v - +1 pair of gloves
MR       .....                  (no boots)
Stlth    ++........             (no amulet)
HPRegen  0.15/turn              n - ring of wizardry
MPRegen  0.13/turn              u - +4 ring of protection

@: drained
A: change form in water, swift swim, stealthy swim
a: Minor Destruction, Renounce Religion


You were on level 5 of the Dungeon.
You worshipped Makhleb.
Makhleb was pleased with you.
You were hungry.

You visited 2 branches of the dungeon, and saw 7 of its levels.

You collected 328 gold pieces.
You spent 112 gold pieces at shops.

Inventory:

Hand Weapons
 p - a +0 hand axe
 r - a +0 war axe
 t - a +0 halberd (weapon)
 w - a +0 glaive
Armour
 a - a +1 robe (worn)
 v - a +1 pair of gloves (worn)
Jewellery
 n - a ring of wizardry (left hand)
 u - a +4 ring of protection (right hand)
Wands
 b - a wand of acid (7)
Scrolls
 e - a scroll of immolation
 h - 5 scrolls of remove curse
 l - a scroll of blinking
Potions
 d - a potion of resistance
 g - 3 potions of brilliance
 i - 2 potions of heal wounds {unknown}
 j - 3 potions of lignification
 k - a potion of mutation
 m - a potion of flight
 o - a potion of stabbing
 s - a potion of curing
Comestibles
 c - 5 rations
 q - 3 chunks of flesh


   Skills:
 + Level 3.5(2.8) Polearms
 - Level 2.6(1.9) Dodging
 - Level 2.1(1.5) Stealth
 + Level 3.8(3.0) Spellcasting
 * Level 7.2(6.4) Ice Magic
 * Level 4.6(3.9) Invocations


You had 9 spell levels left.
You knew the following spells:

 Your Spells              Type           Power        Failure   Level  Hunger
a - Freeze                Ice            ###.         1%          1    #......
b - Frozen Ramparts       Ice            ###...       1%          3    ###....

Your spell library contained the following spells:

 Spells                   Type           Power        Failure   Level  Hunger
 Ozocubu's Armour         Chrm/Ice       ##......     6%          3    ###....
 Hailstorm                Conj/Ice       ##......     21%         4    #####..
 Summon Ice Beast         Ice/Summ       ##......     21%         4    #####..


Dungeon Overview and Level Annotations

Branches:
Dungeon (6/15)             Temple (1/1) D:5

Altars:
Ashenzari
Cheibriados
Dithmenos
Elyvilon
Fedhas
Gozag
Hepliaklqana
Kikubaaqudgha
Makhleb
Nemelex Xobeh
Okawaru
Qazlal
Ru
Sif Muna
Trog
Uskayaw
Vehumet
Wu Jian
Xom
Yredelemnul
Zin
The Shining One

Shops:
D:5 (%[?

Annotations:
D:5 1 runed translucent door, exclusion: phantom, Crazy Yiuf, Eustachio, Grinder, Menkaure
D:6 exclusions: 2 gnolls and gnoll sergeant


Message History

Press: ? - help, Shift-Dir - straight line, f/p - wight
Aim: a wight, wielding a +6 flail of freezing and wearing a +0 robe (moderately damaged)
The zap hits the wight but does no damage.
The wight is moderately damaged.
You hit the wight.
The wight is moderately damaged.
The wight barely misses you.
The wight hits you with a +6 flail of freezing.
* * * LOW HITPOINT WARNING * * *
The wight freezes you.
* * * LOW HITPOINT WARNING * * *
You hit the wight.
The wight is severely damaged.
The wight closely misses you.
You hit the wight but do no damage.
The wight is severely damaged.
The wight hits you with a +6 flail of freezing.
* * * LOW HITPOINT WARNING * * *
The wight freezes you.
You die...

##.#.## #####.##.# ##...#. ##.##
#.##.# #..>.). #.# #########
#.##.# ##..... #.# #.......#
#.##.#####.##. #.#
#.#####.######.##.......... #.#
#.# #.##.....########.###
#.###.### #.##.##### *#+#* #
#.......# #.##.# **,,,** #
#####.#.# #.##@#**# **,,,,,* ♣
##.#.#.###.##z#*.## **,,,,,,,
####.......)..##.#...####...@....
'.......................+........
####...###########.(.###*........
# ##..# #..## **....... ##.#
**#.##* **.....# #.# *,,∩..##*
**..... #.# *.#M#...## *#'#.#


You could see a wight.

Vanquished Creatures
  An ice beast (D:5)
  2 wights
  A howler monkey (D:4)
  A crimson imp (D:5)
  A centaur zombie (D:5)
  A centaur skeleton (D:4)
  2 orc priests
  2 orc wizards
  2 worker ants
  5 gnolls
  10 adders
  A shadow imp (D:5)
  2 oozes
  3 adder skeletons
  4 worms
  A dart slug (D:2)
  A leopard gecko (D:2)
  5 orcs
  4 giant cockroaches
  10 hobgoblins
  6 jackals
  5 kobolds
  4 quokkas
  10 bats
  4 frilled lizards
  6 goblins
  A leopard gecko skeleton (D:4)
  11 rats
106 creatures vanquished.

Notes
Turn   | Place    | Note
-------+----------+-------------------------------------------
     0 | D:1      | kae the Merfolk Ice Elementalist began the quest for the
                  | Orb.
     0 | D:1      | Reached XP level 1. HP: 13/13 MP: 3/3
   192 | D:1      | Reached XP level 2. HP: 19/19 MP: 1/5
   667 | D:1      | Reached skill level 5 in Ice Magic
   759 | D:1      | Reached XP level 3. HP: 24/24 MP: 3/6
  1095 | D:2      | Found a burning altar of Makhleb.
  1120 | D:2      | Became a worshipper of Makhleb the Destroyer
  1262 | D:2      | Reached XP level 4. HP: 30/30 MP: 0/8
  1378 | D:2      | Reached skill level 1 in Invocations
  2165 | D:2      | Reached XP level 5. HP: 32/35 MP: 6/9
  2383 | D:2      | Reached * piety under Makhleb
  2719 | D:3      | Learned a level 3 spell: Frozen Ramparts
  2723 | D:3      | Reached skill level 6 in Ice Magic
  3284 | D:3      | You fall into a shaft and drop 2 floors!
  3284 | D:5      | Entered Level 5 of the Dungeon
  3321 | D:5      | Found Icaic's Armour Shoppe.
  3323 | D:5      | Noticed Menkaure
  3332 | D:5      | Noticed Eustachio
  3359 | D:5      | Reached skill level 1 in Polearms
  3359 | D:5      | Reached XP level 6. HP: 40/41 MP: 7/10
  3623 | D:5      | Found a runed translucent door.
  3624 | D:5      | Noticed Crazy Yiuf
  3650 | D:5      | Found Juced's Magic Scroll Boutique.
  3653 | D:5      | Bought a scroll of identify for 28 gold pieces
  3653 | D:5      | Bought a scroll of identify for 28 gold pieces
  3654 | D:5      | Bought a scroll of identify for 28 gold pieces
  3654 | D:5      | Bought a scroll of identify for 28 gold pieces
  3714 | D:5      | Noticed a phantom
  3749 | D:5      | Found Omnaano's Food Shoppe.
  4004 | D:5      | Found Qyrgh's Book Boutique.
  4019 | D:5      | Found a staircase to the Ecumenical Temple.
  4024 | D:5      | Found Makhloyko's Antique Weapon Shop.
  4414 | Temple   | Entered the Ecumenical Temple
  4932 | D:4      | Reached XP level 7. HP: 46/46 MP: 12/12
  5483 | D:4      | Found a basalt altar of Yredelemnul.
  5485 | D:4      | Found a shimmering altar of Xom.
  5485 | D:4      | Found a glowing golden altar of the Shining One.
  5487 | D:4      | Found a white marble altar of Elyvilon.
  5487 | D:4      | Found a shattered altar of Ashenzari.
  5487 | D:4      | Found a burning altar of Makhleb.
  6529 | D:5      | Found a radiant altar of Vehumet.
  6530 | D:5      | Noticed Grinder
  6600 | D:5      | Reached skill level 7 in Ice Magic
  6945 | D:6      | Reached ** piety under Makhleb
  7153 | D:5      | HP: 2/46 [wight/+6 flail of freezing (6)]
  7153 | D:5      | Slain by a wight

Illustrated notes

Levels and vault maps discovered:
D:1:      minmay_arrival_up_and_down, layout_basic
D:2:      layout_rooms, nicolae_overflow_crystal_walls, first_ration,
          minmay_split_cup_large
D:3:      layout_loops_ring, hangedman_glass_teeth,
          chequers_serial_rivers_micro_c
D:4:      layout_loops_corners, doesnt_xom_only_xom
D:5:      layout_loops_corners, minmay_temple_entry_drinking_statues,
          serial_shops, shop, shop, nicolae_shop_crystal, nicolae_shop_trees,
          kennysheep_mini, vehumet_altar_wand_db, uniq_grinder, uniq_eustachio,
          uniq_crazy_yiuf_cottage, uniq_menkaure
D:6:      layout_layer_cave, uniq_edmund
Temple:   grunt_wide_crystal_templ

Skill      XL: |  1  2  3  4  5  6  7 |
---------------+----------------------+-----
Ice Magic      | 5 6 7 |  7.2
Invocations    | 1 3 4 |  4.6
Spellcasting   | 3 |  3.8
Polearms       | 1 2 3 |  3.5
Dodging        | |  2.6
Stealth        | |  2.1

Action                   |  1- 3 |  4- 6 |  7- 9 || total
-------------------------+-------+-------+-------++-------
Melee: Unarmed           |    21 |    16 |       ||    37
       Halberd           |       |    44 |    65 ||   109
 Cast: Freeze            |    56 |    93 |    15 ||   164
Invok: Minor Destruction |       |       |     5 ||     5
Evoke: Wand              |       |       |     1 ||     1
  Use: Scroll            |       |    14 |     1 ||    15
       Potion            |       |     1 |       ||     1
 Stab: Sleeping          |       |     2 |       ||     2
  Eat: Chunk             |     2 |     8 |     3 ||    13
       Ration            |       |     1 |     1 ||     2
Armor: Robe              |    11 |    13 |    16 ||    40
Dodge: Dodged            |    58 |    84 |    57 ||   199

Table legend:
 A = Non-vault XP
 B = Vault XP
 C = Vault XP percentage of total XP
 D = Non-vault monster count
 E = Vault monster count
 F = Vault count percentage of total count
                 A         B        C        D         E       F
            +---------+---------+-------+---------+---------+-------
      Total |    1033 |       9 |   0.9 |     101 |       5 |   4.7
            +---------+---------+-------+---------+---------+-------
        D:1 |      43 |       0 |   0.0 |      29 |       0 |   0.0
        D:2 |     129 |       7 |   5.1 |      24 |       4 |  14.3
        D:3 |     128 |       0 |   0.0 |      18 |       0 |   0.0
        D:4 |     202 |       0 |   0.0 |      12 |       0 |   0.0
        D:5 |     374 |       2 |   0.5 |      12 |       1 |   7.7
        D:6 |     157 |       0 |   0.0 |       6 |       0 |   0.0
            +---------+---------+-------+---------+---------+-------
